 Dungeon Crawl Stone Soup version 0.29.1-15-g9cfb28693d (webtiles) character file.

Game seed: 16924430211228080276

793 cowcol the Chopper (level 7, -6/61 HPs)
             Began as a Minotaur Fighter on Mar 25, 2023.
             Mangled by a komodo dragon (24 damage)
             ... on level 6 of the Dungeon.
             The game lasted 00:15:20 (8092 turns).

cowcol the Chopper (Minotaur Fighter)               Turns: 8092, Time: 00:15:20

Health: -6/61      AC: 12    Str: 21    XL:     7   Next: 57%
Magic:  15/15      EV: 11    Int:  8    God:
Gold:   203        SH:  5    Dex: 14    Spells: 6/6 levels left

rFire   . . .      SeeInvis .   a - +0 war axe
rCold   + . .      Faith    .   c - +0 buckler
rNeg    + . .      Spirit   .   j - +0 chain mail
rPois   .          Reflect  .   (helmet restricted)
rElec   .          Harm     .   o - +1 cloak
rCorr   .          Rampage  .   (no gloves)
Will    .....                   (no boots)
Stlth   ..........              (no amulet)
HPRegen 0.20/turn               x - ring of Pamil {rC+ MP+9 EV+4}
MPRegen 0.14/turn               l - ring of Kaaj Sie {Contam rN+ Int+3 Dex+3}

@: no status effects
A: horns 2, retaliatory headbutt
a: no special abilities


You were on level 6 of the Dungeon.
You visited 1 branch of the dungeon, and saw 6 of its levels.

You collected 203 gold pieces.

Inventory:

Hand Weapons
 a - a +0 war axe (weapon)
 D - a +0 battleaxe
Missiles
 p - 10 poisoned darts (quivered)
 r - a boomerang
 u - 4 atropa-tipped darts
 v - a throwing net
 C - 2 silver boomerangs
Armour
 b - a +0 scale mail
 c - a +0 buckler (worn)
 j - a +0 chain mail (worn)
 o - a +1 cloak (worn)
Jewellery
 g - a ring of ice
 l - the ring of Kaaj Sie (right hand) {Contam rN+ Int+3 Dex+3}
   (You found it on level 5 of the Dungeon)

   [ring of positive energy]

   Int:       It affects your intelligence (+3).
   Dex:       It affects your dexterity (+3).
   rN:        It protects you from negative energy.
   Contam:    It causes magical contamination when unequipped.
 x - the ring of Pamil (left hand) {rC+ MP+9 EV+4}
   (You found it on level 3 of the Dungeon)

   [ring of evasion]

   EV:        It affects your evasion (+4).
   rC:        It protects you from cold.
   MP:        It affects your magic capacity (+9).
 A - an amulet of magic regeneration
 F - a ring of positive energy
Wands
 d - a wand of paralysis (2)
Scrolls
 f - a scroll of noise
 i - a scroll of vulnerability
 m - a scroll of blinking {unknown}
 n - a scroll of butterflies {unknown}
 q - a scroll of summoning
 y - a scroll of enchant weapon
Potions
 e - 2 potions of brilliance
 h - a potion of berserk rage {unknown}
 s - a potion of mutation {unknown}
 t - a potion of ambrosia
 w - a potion of magic
 z - 2 potions of attraction {unknown}
 B - a potion of resistance {unknown}
 E - a potion of curing


   Skills:
 + Level 5.4 Fighting
 + Level 7.2 Axes
 + Level 1.2 Throwing
 + Level 7.0 Armour
 - Level 3.6 Shields


You had 6 spell levels left.
You didn't know any spells.
Your spell library contained the following spells:

 Spells                   Type           Power      Damage    Failure   Level
 Magic Dart               Conj           0%         1d3       99%         1
 Slow                     Hex            0%         N/A       99%         1
 Summon Small Mammal      Summ           0%         N/A       99%         1
 Call Imp                 Summ           0%         N/A       100%        2
 Call Canine Familiar     Summ           0%         N/A       100%        3
 Confusing Touch          Hex            0%         N/A       100%        3
 Gell's Gravitas          Tloc           0%         N/A       100%        3
 Mephitic Cloud           Conj/Pois/Air  0%         N/A       100%        3
 Summon Guardian Golem    Hex/Summ       0%         N/A       100%        3
 Teleport Other           Tloc           0%         N/A       100%        3
 Vampiric Draining        Necr           0%         2d6       100%        3
 Dispersal                Tloc           0%         N/A       100%        6


Dungeon Overview and Level Annotations

Branches:
Dungeon (6/15)
 Temple: D:4-7

Altars:
Ashenzari
Cheibriados
Dithmenos
Makhleb
Nemelex Xobeh
Ru
Vehumet

Shops:
D:4 (   D:5 (

Annotations:
D:4 3 runed translucent doors, Beryl's ghost, amateur DECj
D:5 2 transporters, sigtrap's ghost, novice KoHu
D:6 Pikel


Innate Abilities, Weirdness & Mutations

You have a pair of horns on your head.
You reflexively headbutt those who attack you in melee.


Message History

Found a scroll labelled PUHAUL TEREL.
The hound barks!
You hear an angry hiss.
Found a stone staircase leading down.
A komodo dragon comes into view.
You hear the slow rusting of a drain very nearby.
The komodo dragon hisses angrily.
You block the hound's attack. The hound bites you but does no damage.
You completely miss the hound. The hound bites you.
You slash the hound!
The hound is severely wounded.
You hit the iguana but do no damage. The hound barely misses you.
The iguana bites you! The hound bites you.
You closely miss the hound.
The hound is severely wounded.
You hit the iguana. The hound closely misses you. You furiously retaliate!
You headbutt the hound. You block the iguana's attack.
The hound bites you but does no damage.
You slash the hound!
You kill the hound!
You closely miss the iguana. The iguana completely misses you.
The iguana misses you.
Your Armour skill increases to level 7!
You barely miss the komodo dragon.
You headbutt the komodo dragon, but do no damage.
You hit the iguana. The komodo dragon bites you! The iguana bites you!
Unknown command.
You hit the komodo dragon but do no damage.
Your headbutt misses the komodo dragon. You hit the iguana.
The komodo dragon bites you. The iguana completely misses you.
The komodo dragon bites you.
* * * LOW HITPOINT WARNING * * *
You slash the komodo dragon! Your headbutt misses the komodo dragon.
The komodo dragon is moderately wounded.
You hit the iguana. The iguana closely misses you.
The komodo dragon bites you but does no damage.
You slash the komodo dragon!
The komodo dragon is heavily wounded.
You closely miss the iguana. The iguana barely misses you.
The komodo dragon bites you!!
You die...

,,** *,,,,,,,,,,,,,,,,,,,,,* **
,,,* *,,,>,,,#.#***,******,* *
,,,* *,,,,,,,#.# *,* *,* ,*,*
*,,,,,,,#.# *,* ********* **,*
****,***#?# *,***~,~~~~~*
*,********,**##.##**,**~*******,
*,*,,,,,,,,,,,..>,,,,**~**~~~~*~
*,*,*****,****#l#******,*~***~*~
*,*,* *,* #@# *~*~*∩*~*, *,*,*
#,* #l### *,*,*~*,*~ *,*,* #.*
#55.# *,*~**~**~ *,*,*
##.#######K# *~*~*****~ *,*,*
#../....##.# *~**~~~~~*
*,*.####.......##.# **,*******
*,,,...........##5### *,*
*,**##.#............# *>*
*,*,........555####.# *,*


You could see a komodo dragon, Pikel, 2 lemures and an iguana.

Vanquished Creatures
  Menkaure (D:4)
  A sky beast (D:3)
  Crazy Yiuf (D:4)
  An orc priest (D:3)
  4 hounds
  An iron imp (D:4)
  A gnoll bouda (D:4)
  An iguana (D:3)
  4 orc wizards
  3 gnolls (D:4)
  10 adders
  A white imp (D:5)
  3 worms
  12 orcs
  4 ball pythons
  4 bats
  4 endoplasms
  A giant cockroach (D:2)
  7 hobgoblins
  11 jackals
  4 kobolds
  6 quokkas
  2 frilled lizards
  7 goblins
  4 rats
98 creatures vanquished.

Vanquished Creatures (others)
  A plant (D:5)
1 creature vanquished.

Grand Total: 99 creatures vanquished

Notes
Turn   | Place    | Note
-------+----------+-------------------------------------------
     0 | D:1      | cowcol the Minotaur Fighter began the quest for the Orb.
     0 | D:1      | Reached XP level 1. HP: 19/19 MP: 0/0
   316 | D:1      | Reached XP level 2. HP: 26/27 MP: 1/1
   893 | D:2      | Found a radiant altar of Vehumet.
   963 | D:2      | Reached XP level 3. HP: 33/33 MP: 2/2
  2147 | D:2      | Reached XP level 4. HP: 16/41 MP: 3/3
  2646 | D:3      | Reached skill level 5 in Armour
  2912 | D:3      | Reached XP level 5. HP: 23/47 MP: 4/4
  3322 | D:3      | Found a faded altar of an unknown god.
  3568 | D:3      | Identified the ring of Pamil {rC+ MP+9 EV+4}
  3576 | D:3      | Found a sparkling altar of Nemelex Xobeh.
  3576 | D:3      | Found a transporter.
  3576 | D:3      | Noticed a sky beast
  3598 | D:3      | Killed a sky beast
  3599 | D:3      | Reached skill level 5 in Axes
  3599 | D:3      | Reached skill level 1 in Throwing
  3599 | D:3      | Reached XP level 6. HP: 23/55 MP: 5/5
  4135 | D:4      | Found a snail-covered altar of Cheibriados.
  4407 | D:4      | Noticed Beryl's ghost (amateur DECj)
  4407 | D:4      | Noticed an ice beast
  4432 | D:4      | Found a runed translucent gate.
  4432 | D:4      | Found a runed translucent gate.
  4432 | D:4      | Found a runed translucent gate.
  4443 | D:4      | Found a broken altar of Ashenzari.
  4466 | D:4      | Found a sacrificial altar of Ru.
  4489 | D:4      | Reached skill level 5 in Fighting
  4645 | D:4      | Noticed Menkaure
  4658 | D:4      | Killed Menkaure
  4659 | D:4      | Reached XP level 7. HP: 51/61 MP: 6/6
  5042 | D:4      | Identified the +1 ring mail of Iraolyem {rPois Will+ Regen+
                  | Dex-4}
  5199 | D:4      | Found Osyssaum's Weapon Emporium.
  5227 | D:4      | Found a shadowy altar of Dithmenos.
  5300 | D:4      | Found a runed translucent door.
  5301 | D:4      | Noticed Crazy Yiuf
  5617 | D:4      | Killed Crazy Yiuf
  6047 | D:5      | Entered Level 5 of the Dungeon
  7627 | D:5      | Found a transporter.
  7627 | D:5      | Found a transporter.
  7636 | D:5      | Noticed sigtrap's ghost (novice KoHu)
  7650 | D:5      | Found Cioc Bik's Hydra Hut.
  7660 | D:5      | Noticed a six-headed hydra
  7684 | D:5      | Identified the ring of Kaaj Sie {Contam rN+ Int+3 Dex+3}
  7794 | D:5      | Found a burning altar of Makhleb.
  8055 | D:6      | Noticed Pikel
  8084 | D:6      | Noticed a komodo dragon
  8092 | D:6      | Mangled by a komodo dragon

Illustrated notes

Levels and vault maps discovered:
D:1:      dpeg_arrival_rooms_a, layout_basic, hangedman_decor_clover_reticule,
          chequers_arboretum, feat_on_display
D:2:      layout_basic, basic_altar
D:3:      layout_rooms, grunt_nemelex_the_gamble,
          ebering_ecumenical_altar_sacrificial
D:4:      layout_loops_ring, cheibrodos_ashenzari_chains, slow_altar_2,
          mainiacjoe_overflow_catwalk, hangedman_ru_absence,
          gammafunk_ghost_icy, serial_shops, shop, uniq_crazy_yiuf_cottage,
          uniq_menkaure
D:5:      layout_gridville, mainiacjoe_overflow_chevrons, gammafunk_ghost_hive,
          doesnt_shop_hydraphobe
D:6:      layout_loops_ring, okawaru_metal_pillars_1_2, vehumet_statue,
          serial_shops, shop_statue, gup_sewer_entry_spiral, uniq_pikel,
          uniq_edmund

Skill      XL: |  1  2  3  4  5  6  7 |
---------------+----------------------+-----
Fighting       | 4 5 |  5.4
Armour         | 4 5 6 7 |  7.0
Axes           | 3 4 5 6 7 |  7.2
Throwing       | 1 |  1.2
Shields        | |  3.6

Action                   |  1- 3 |  4- 6 |  7- 9 || total
-------------------------+-------+-------+-------++-------
Melee: War axe           |    68 |   105 |    90 ||   263
       Headbutt          |     4 |    19 |     7 ||    30
Throw: Dart              |     6 |     6 |     2 ||    14
       Boomerang         |       |     3 |       ||     3
  Use: Scroll            |     2 |       |     6 ||     8
       Potion            |       |     3 |     2 ||     5
Armor: Scale mail        |    37 |    37 |       ||    74
       Chain mail        |       |     8 |    51 ||    59
Dodge: Dodged            |    27 |    43 |    35 ||   105
Block: Buckler           |    12 |    19 |    25 ||    56
